 Dungeon Crawl Stone Soup version 0.31-a0-1165-g196b491b36 (webtiles) character file.

Game seed: 12919802760024024759

146746 SJWr the Warrior (level 16, -7/159 HPs)
             Began as a Minotaur Monk on Dec 9, 2023.
             Was the Champion of Jiyva.
             Mangled by a mana viper (10 damage)
             ... led by a naga ritualist
             ... on level 1 of the Snake Pit on Dec 10, 2023.
             The game lasted 02:48:10 (18889 turns).

SJWr the Warrior (Minotaur Monk)                   Turns: 18889, Time: 02:48:11

Health: -7/159     AC: 24    Str: 25    XL:     16   Next: 60%
Magic:  9/15       EV:  9    Int:  9    God:    Jiyva [******]
Gold:   1208       SH:  7    Dex: 14    Spells: 15/15 levels left

rFire   + + .        a - +3 broad axe (freeze)
rCold   + + +        D - +2 buckler
rNeg    + + .        Z - +8 chain mail of Fedhas's Displeasure {rN+}
rPois   +            (helmet restricted)
rElec   .            t - scarf {repulsion}
rCorr   +            (no gloves)
SInv    +            (boots unavailable)
Will    ++++.        B - amulet of Jykliekh {RegenMP rF+ Stlth+} Stlth
                     e - ring "Botop" {rC+ Dex-2 Slay+4 SInv}
HPRegen 2.06/turn    m - ring "Bivvufui" {Drain rF+ rC++ rN+}
MPRegen 1.04/turn

%: repel missiles
@: lethally poisoned (-7 -> -8), constricted
A: horns 2, retaliatory headbutt, hooves 3, iridescent scales 3, agile 1, clever
1, strong-willed 3, sense surroundings 1, poison resistance, strong 1, acidic
bite, pseudopods 1, tendrils, jelly absorbing missiles
}: 1/15 runes: slimy
a: Renounce Religion, Oozemancy, Slimify


You were on level 1 of the Snake Pit.
You worshipped Jiyva.
Jiyva was exalted by your worship.
You visited 6 branches of the dungeon, and saw 29 of its levels.
You also visited: Bailey and Volcano.

You collected 1679 gold pieces.
You spent 471 gold pieces at shops.

Inventory:

Hand Weapons
 a - a +3 broad axe of freezing (weapon)
   (You took it off a vault guard in a bailey)
 b - the +11 morningstar of Giufrout {freeze, rPois rF+ rN+}
   (You found it on level 15 of the Dungeon)

   rF+:       It protects you from fire.
   rPois:     It protects you from poison rN+: It protects you from negative
   energy.
 v - a +2 war axe of flaming
   (You found it on level 4 of the Lair of Beasts)
 R - the +0 war axe "Poridiot" {speed, Drain rElec rN+}
   (You found it on level 5 of the Pits of Slime)

   rElec:     It insulates you from electricity.
   rN+:       It protects you from negative energy.
   Drain:     It drains your maximum health when unequipped.
Missiles
 c - 6 javelins
 f - 14 boomerangs
 s - 96 stones
 L - 8 curare-tipped darts
Armour
 l - a +0 pair of boots of flying
   (You acquired it in a bailey)
 t - a scarf of repulsion (worn)
   (You found it on level 4 of the Dungeon)
 D - a +2 buckler (worn)
   (You took it off a gnoll sergeant on level 10 of the Dungeon)
 Z - the +8 chain mail of Fedhas's Displeasure (worn) {rN+}
   (You bought it in a shop on level 11 of the Dungeon)

   rN+:       It protects you from negative energy.
Jewellery
 e - the ring "Botop" (left hand) {rC+ Dex-2 Slay+4 SInv}
   (You found it on level 15 of the Dungeon)

   [ring of slaying]

   Dex-2:     It affects your dexterity (-2).
   Slay+4:    It affects your accuracy & damage with ranged weapons and melee
   (+4).
   rC+:       It protects you from cold.
   SInv:      It lets you see invisible.
 m - the ring "Bivvufui" (right hand) {Drain rF+ rC++ rN+}
   (You found it on level 5 of the Pits of Slime)

   [ring of protection from fire]

   rF+:       It protects you from fire.
   rC++:      It greatly protects you from cold.
   rN+:       It protects you from negative energy.
   Drain:     It drains your maximum health when unequipped.
 B - the amulet of Jykliekh (around neck) {RegenMP rF+ Stlth+}
   (You found it on level 5 of the Pits of Slime)

   [amulet of magic regeneration]

   RegenMP:   It increases your rate of magic regeneration.
   rF+:       It protects you from fire.
   Stlth+:    It makes you more stealthy.
 F - the ring "Efarasif" {rPois rC+ Str+6 SInv}
   (You took it off a kobold on level 15 of the Dungeon)

   [ring of strength]

   Str+6:     It affects your strength (+6).
   rC+:       It protects you from cold.
   rPois:     It protects you from poison SInv: It lets you see invisible.
 W - the ring "Anaerph" {rC+++ rN+ Will+ Str-2 Dex+6}
   (You found it on level 15 of the Dungeon)

   [ring of dexterity]

   Str-2:     It affects your strength (-2).
   Dex+6:     It affects your dexterity (+6).
   rC+++:     It renders you almost immune to cold.
   rN+:       It protects you from negative energy.
   Will+:     It increases your willpower.
Wands
 h - a wand of acid (14)
   (You found it on level 1 of the Lair of Beasts)
 p - a wand of paralysis (14)
   (You found it on level 7 of the Dungeon)
 q - a wand of flame (27)
   (You found it on level 3 of the Lair of Beasts)
 x - a wand of roots (29)
   (You found it on level 6 of the Dungeon)
 y - a wand of mindburst (2)
   (You found it on level 12 of the Dungeon)
Scrolls
 i - 2 scrolls of fog
 K - a scroll of immolation {!r}
 O - a scroll of silence
 V - a scroll of revelation
 Y - 5 scrolls of teleportation {@r3}
Potions
 g - 3 potions of attraction {!q}
 j - a potion of lignification {unknown}
 n - 2 potions of cancellation
 z - 2 potions of enlightenment
 G - 3 potions of ambrosia {!q}
 H - 2 potions of haste
 I - a potion of invisibility
 J - 5 potions of curing {@q1}
 M - a potion of might
 N - a potion of heal wounds {@q2}
 T - a potion of berserk rage {!q}
 U - 4 potions of mutation {!q}
Miscellaneous
 w - a phial of floods
   (You found it on level 12 of the Dungeon)


   Skills:
 + Level 18.6 Fighting
 - Level 18.0 Axes
 - Level 10.7 Throwing
 + Level 18.0 Armour
 - Level 8.0 Dodging
 * Level 5.2 Shields
 - Level 8.0 Evocations


You had 15 spell levels left.
You didn't know any spells.
Your spell library contained the following spells:

 Spells                   Type           Power      Damage    Failure   Level
 Magic Dart               Conj           0%         1d3       80%         1
 Slow                     Hex            0%         N/A       80%         1
 Sting                    Tmut/Pois      0%         1d3       80%         1
 Blink                    Tloc           0%         N/A       91%         2
 Call Imp                 Summ           0%         N/A       91%         2
 Lesser Beckoning         Tloc           0%         N/A       91%         2
 Momentum Strike          Conj/Tloc      0%         3d8       91%         2
 Static Discharge         Conj/Air       0%         3-3/arc   91%         2
 Call Canine Familiar     Summ           0%         N/A       99%         3
 Confusing Touch          Hex            0%         N/A       99%         3
 Gell's Gravitas          Tloc           0%         N/A       99%         3
 Mephitic Cloud           Conj/Pois/Air  0%         N/A       99%         3
 Sigil of Binding         Hex            0%         N/A       99%         3
 Stone Arrow              Conj/Erth      0%         3d7       99%         3
 Teleport Other           Tloc           0%         N/A       99%         3
 Tukima's Dance           Hex            0%         N/A       99%         3
 Vampiric Draining        Necr           0%         2d6       99%         3
 Airstrike                Air            0%         2d(0-16)  100%        4
 Anguish                  Hex/Necr       0%         N/A       100%        4
 Animate Armour           Summ/Erth      0%         N/A       100%        4
 Cause Fear               Hex            0%         N/A       100%        4
 Dimensional Bullseye     Hex/Tloc       0%         N/A       100%        4
 Fulminant Prism          Conj/Hex       0%         3d5       100%        4
 Iskenderun's Mystic Bla  Conj/Tloc      0%         2d3       100%        4
 Leda's Liquefaction      Hex/Erth       0%         N/A       100%        4
 Manifold Assault         Tloc           0%         N/A       100%        4
 Olgreb's Toxic Radiance  Pois           0%         N/A       100%        4
 Summon Ice Beast         Ice/Summ       0%         N/A       100%        4
 Summon Lightning Spire   Summ/Air       0%         N/A       100%        4
 Alistair's Intoxication  Tmut/Pois      0%         N/A       100%        5
 Borgnjor's Vile Clutch   Necr/Erth      0%         N/A       100%        5
 Metabolic Englaciation   Hex/Ice        0%         N/A       100%        5
 Summon Mana Viper        Hex/Summ       0%         N/A       100%        5
 Conjure Ball Lightning   Conj/Air       0%         3x3d6     100%        6
 Eringya's Noxious Bog    Tmut/Pois      0%         4d6       100%        6
 Enfeeble                 Hex            0%         N/A       100%        7
 Monstrous Menagerie      Summ           0%         N/A       100%        7
 Lehudib's Crystal Spear  Conj/Erth      0%         10d2      100%        8


Dungeon Overview and Level Annotations

Branches:
Dungeon (15/15)            Temple (1/1) D:5            Lair (5/5) D:10
  Swamp (0/4) Lair:3        Snake (1/4) Lair:3        Slime (5/5) Lair:4
    Orc (2/2) D:12            Elf (0/3) Orc:2        Vaults (0/5) D:14
 Depths (0/4) D:15         Bailey (visited)         Volcano (visited)

Altars:
Ashenzari
Cheibriados
Dithmenos
Elyvilon
Fedhas
Gozag
Hepliaklqana
Kikubaaqudgha
Makhleb
Nemelex Xobeh
Okawaru
Qazlal
Ru
Sif Muna
Trog
Uskayaw
Vehumet
Wu Jian
Xom
Yredelemnul
Zin
The Shining One
Jiyva
Lugonu

Shops:
D:9 !   D:11 (*[*   Orc:1 *   Orc:2 [(=*

Portals:
Abyss: Lair:5

Annotations:
D:4 2 transporters
D:11 3 runed translucent doors, Stellion's ghost, journeyman DjCj
Slime:5 Royal Jelly


Innate Abilities, Weirdness & Mutations

You have a pair of horns on your head.
You reflexively headbutt those who attack you in melee.
You have hooves in place of feet.
You are completely covered in iridescent scales. (AC +6)
You are agile. (Dex +4, Str/Int -1)
Your mind is acute. (Int +4, Str/Dex -1)
You are extremely strong-willed. (Will+++)
You passively map a small area around you.
Your system is resistant to poisons. (rPois)
Your muscles are strong. (Str +4, Int/Dex -1)
You have acidic saliva.
Armour fits poorly on your pseudopods.
You are covered in slimy tendrils that may disarm your opponents.
You have a small jelly attached to you that may absorb projectiles.


Message History

You block the mana viper's attack.
The guardian serpent barely misses your naga warrior.
The naga warrior hits you but does no damage.
The naga warrior grabs you.
You stop ascending the stairs.
The naga warrior constricts you.
The shock serpent bites your naga warrior but does no damage.
The mana viper completely misses you.
The naga hits your naga warrior with a +0 flail!!
Your naga warrior dies!
Your naga warrior's corpse dissolves into shadows!
The naga mage gestures wildly while chanting.
The naga mage seems to speed up.
The black mamba bites you!
* * * LOW HITPOINT WARNING * * *
You block the mana viper's attack.
The naga sharpshooter unwields a +0 shortbow.
The naga sharpshooter wields a +0 battleaxe.
The naga sharpshooter hits your naga mage with a +0 battleaxe!
The naga sharpshooter barely misses your naga mage.
Your naga mage hits the naga sharpshooter with a +0 spear!
Your naga mage grabs the naga sharpshooter.
Your naga mage constricts the naga sharpshooter.
The anaconda bites you but does no damage.
The naga warrior hits you!!
* * * LOW HITPOINT WARNING * * *
You take 41 damage, and have 18/159 hp.
MASSIVE DAMAGE!!
Unknown command.
Unknown command.
As you read the scroll of fear, it crumbles to dust.
You assume a fearsome visage.
The guardian serpent looks frightened!
The naga mage looks frightened!
The anaconda looks frightened!
The black mamba looks frightened!
The naga mage looks frightened!
The naga warrior looks frightened!
The naga looks frightened!
The naga warrior looks frightened!
The anaconda resists with some effort.
The naga warrior looks frightened!
The naga looks frightened!
The mana viper looks frightened!
The naga sharpshooter looks frightened!
The shock serpent looks frightened!
The shock serpent resists with some effort.
The naga looks frightened!
The guardian serpent looks frightened!
The salamander looks frightened!
The guardian serpent looks frightened!
The naga ritualist looks frightened!
The mana viper resists with almost no effort.
The black mamba looks frightened! x3
The mana viper resists with almost no effort.
The naga mage looks frightened!
The black mamba looks frightened! x2
You feel very sick.
The black mamba closely misses your naga mage.
You block the anaconda's attack. The mana viper bites you!
* * * LOW HITPOINT WARNING * * *
You feel your power leaking away.
Your naga mage points at the naga sharpshooter and mumbles some strange words.
The bolt of poison hits the naga sharpshooter!
The naga sharpshooter looks even sicker.
Your naga mage's attack snaps the naga sharpshooter out of its fear.
The bolt of poison hits the naga warrior.
The naga warrior is poisoned.
Your naga mage's attack snaps the naga warrior out of its fear.
Your naga mage constricts the naga sharpshooter.
The black mamba bites your naga mage.
You take 9 damage, and have 9/159 hp.
You now have 10/15 mp.
Unknown command.
Unknown command.
Okay, then.
Press: ? - help, v - describe, . - travel
Here: a black mamba (fleeing)
The floor.
You feel much better.
N - a potion of heal wounds {@q2} You feel sick.
The mana viper bites you!
* * * LOW HITPOINT WARNING * * *
You feel your power leaking away. The mana viper barely misses you.
You furiously retaliate!
You headbutt the mana viper.
The naga sharpshooter unwields a +0 battleaxe.
The naga sharpshooter wields a +0 shortbow.
The naga sharpshooter casts a spell.
The naga sharpshooter magically shoots an arrow.
The arrow hits you!
* * * LOW HITPOINT WARNING * * *
The black mamba bites your naga mage!
The naga warrior roars a battlecry!
The naga warrior goes into a battle-frenzy!
The naga warrior loses its grip on you.
Your naga mage closely misses the black mamba.
Your naga mage constricts the naga sharpshooter.
The mana viper bites you but does no damage.
You now have 8/15 mp.
Unknown command.
Unknown command.
You feel sick. The anaconda grabs you.
You stop ascending the stairs.
The anaconda bites you.
* * * LOW HITPOINT WARNING * * *
The anaconda constricts you.
* * * LOW HITPOINT WARNING * * *
The mana viper bites you!
You die...

** , ,
..S.......# #.
, ,
.#.....:.N.##..
*,
..............#
* ,
..SNS.......S#
.......N.....#
*
.S...N...N...#
.......S)....#
.N.S..8@S....#
......SS.S..S#
........NNN..#
.S...........#
.N..S.NN.....#
,*
..S.........##
**##........S##
* ##.......## *
* ,


You could see 3 naga warriors, a naga sharpshooter (strong, very poisoned), a
salamander (strong, fleeing), 2 anacondas, a naga ritualist (strong, fleeing), 2
shock serpents, 3 mana vipers, 3 guardian serpents, 6 black mambas, 2 naga magi,
3 nagas and a friendly naga mage (summoned).

Vanquished Creatures
  Saint Roka (Orc:2)
  Jorgrun (Orc:1)
  Kirke (D:15)
  An orc warlord (Orc:2)
  A stone giant (D:15)
  A war gargoyle (D:15)
  3 ettins (D:15)
  Snorg (D:10)
  A fire dragon (D:15)
  7 vault guards
  2 salamander tyrants (D:15)
  6 hydras
  4 ogre magi (D:15)
  An alligator (Lair:3)
  11 centaur warriors
  3 boulder beetles
  5 two-headed ogres
  5 tengu warriors
  A catoblepas (D:15)
  A two-headed ogre (shapeshifter) (D:15)
  A deep troll shaman (D:15)
  8 death yaks
  5 orc high priests
  A naga sharpshooter (Snake:1)
  Sonja (D:12)
  Urug (Lair:5)
  A hell knight (Volcano)
  3 thrashing horrors (Lair:5)
  2 salamander mystics (D:15)
  4 skeletal warriors (D:15)
  A bog body (Lair:3)
  2 large abominations (Lair:5)
  An arcanist (D:12)
  Pikel (D:7)
  3 deep elf pyromancers (D:15)
  7 orc sorcerers
  7 ugly things
  5 orc knights
  12 cyclopes
  6 salamanders
  A cyclops (shapeshifter) (D:14)
  3 manticores
  2 wolf spiders (D:15)
  Maurice (Orc:2)
  2 kobold blastminers (Orc:2)
  6 elephants
  Joseph (D:7)
  2 guardian serpents (D:15)
  5 gargoyles
  A smoke demon (Lair:5)
  4 molten gargoyles (Volcano)
  A torpor snail (Lair:5)
  10 black mambas
  A cane toad (shapeshifter) (D:13)
  13 cane toads
  Maggie (D:10)
  4 kobold demonologists (D:15)
  11 komodo dragons
  A rime drake (Lair:3)
  An unseen horror (D:13)
  2 freezing wraiths
  8 trolls
  4 polar bears
  4 meliai
  2 hornets
  Prince Ribbit (D:8)
  A raiju (Lair:5)
  5 dream sheep
  22 blink frogs
  A centaur simulacrum (D:14)
  A spriggan (Lair:5)
  3 wyverns
  A ynoxinul (Lair:5)
  2 wraiths
  87 yaks
  6 basilisks
  14 vampire mosquitoes
  7 hogs (D:15)
  9 humans (Bailey)
  5 chaos spawn (Lair:5)
  4 wargs
  A naga (shapeshifter) (D:15)
  5 nagas
  2 acid dragons
  18 water moccasins
  2 sky beasts (D:7)
  2 ice beasts (D:7)
  21 orc warriors
  2 black bears
  14 wolves
  14 centaurs
  4 ogres
  11 small abominations (Lair:5)
  9 kobold brigands
  21 bullfrogs
  3 gnoll sergeants
  10 wights
  14 killer bees
  6 howler monkeys
  2 electric eels (Lair:3)
  A lava snake (Lair:3)
  A hound (D:7)
  14 orc priests
  A gnoll bouda (D:6)
  2 iguanas (D:6)
  A sleepcap (D:5)
  Terence (D:2)
  14 orc wizards
  7 hell rats (Lair:5)
  Robin (D:3)
  16 gnolls
  7 adders
  A white imp (D:6)
  2 worms (D:3)
  A dart slug (D:5)
  64 orcs
  2 giant cockroaches (D:1)
  28 goblins
  9 hobgoblins
  3 jackals (D:3)
  23 kobolds
  4 quokkas
  3 ball pythons
  7 bats
  2 frilled lizards
  7 rats
  A butterfly (Lair:4)
773 creatures vanquished.

Vanquished Creatures (collateral kills)
  A mana viper (Snake:1)
  An ugly thing (D:15)
2 creatures vanquished.

Vanquished Creatures (others)
  An acid blob (Lair:4)
  A great orb of eyes (D:15)
  A cyclops (D:15)
  A komodo dragon (Lair:4)
  2 glass eyes (D:15)
  3 yaks (Lair:4)
  A slime creature (Lair:4)
  A black bear (D:7)
  A black bear (shapeshifter) (Lair:5)
  An ogre (D:7)
  A bullfrog (Lair:2)
  53 jellies
  2 hounds (D:6)
  A jelly (shapeshifter) (D:15)
  A gnoll bouda (D:7)
  A sleepcap (D:7)
  An iguana (D:7)
  A white imp (D:7)
  2 ufetubi (D:6)
  An endoplasm (D:3)
  2 orcs
  2 bats (D:3)
  2 giant cockroaches (D:4)
  2 goblins
  A quokka (D:1)
  A kobold (D:2)
  A rat (D:2)
  A butterfly (D:5)
  2 spectral weapons
91 creatures vanquished.

Grand Total: 866 creatures vanquished

Notes
Turn   | Place    | Note
-------+----------+-------------------------------------------
     0 | D:1      | SJWr the Minotaur Monk began the quest for the Orb.
     0 | D:1      | Reached XP level 1. HP: 19/19 MP: 0/0
    24 | D:1      | Found a faded altar of an unknown god.
    30 | D:1      | Prayed at the altar of an unknown god.
    30 | D:1      | Became a worshipper of Jiyva Jutuanka the Shapeless
    30 | D:1      | Reached * piety under Jiyva
    30 | D:1      | Reached ** piety under Jiyva
   104 | D:1      | Reached *** piety under Jiyva
   124 | D:1      | Reached skill level 4 in Axes
   222 | D:1      | Reached XP level 2. HP: 27/27 MP: 1/1
   291 | D:1      | Gained mutation: You are partially covered in iridescent
                  | scales. (AC +2) [Jiyva's grace]
   291 | D:1      | Gained mutation: You are mostly covered in iridescent
                  | scales. (AC +4) [Jiyva's grace]
   291 | D:1      | Gained mutation: You are completely covered in iridescent
                  | scales. (AC +6) [Jiyva's grace]
   291 | D:1      | Gained mutation: You are covered in slimy tendrils that may
                  | disarm your opponents. [Jiyva's grace]
   319 | D:1      | Reached skill level 4 in Fighting
   726 | D:2      | Reached XP level 3. HP: 33/33 MP: 2/2
   753 | D:2      | Reached **** piety under Jiyva
   784 | D:2      | Noticed Terence
   790 | D:2      | Killed Terence
   817 | D:2      | Found a stormy altar of Qazlal.
  1256 | D:3      | Noticed Robin
  1270 | D:3      | Reached skill level 5 in Axes
  1270 | D:3      | Reached XP level 4. HP: 31/40 MP: 3/3
  1272 | D:3      | Killed Robin
  1297 | D:3      | Reached skill level 4 in Dodging
  1397 | D:3      | Reached XP level 5. HP: 47/47 MP: 4/4
  1576 | D:3      | Found a bloodstained altar of Trog.
  1933 | D:4      | Reached ***** piety under Jiyva
  1933 | D:4      | Gained mutation: Your melee attacks may engulf your foes in
                  | ooze. [Jiyva's grace]
  1933 | D:4      | Gained mutation: You have acidic saliva. [Jiyva's grace]
  1933 | D:4      | Gained mutation: You have a pair of large horns on your
                  | head. [Jiyva's grace]
  1933 | D:4      | Gained mutation: Your mind is acute. (Int +4, Str/Dex -1)
                  | [Jiyva's grace]
  1958 | D:4      | Found a radiant altar of Vehumet.
  1961 | D:4      | Found an opulent altar of Gozag.
  1995 | D:4      | Found a transporter.
  1996 | D:4      | Found a transporter.
  2678 | D:5      | Entered Level 5 of the Dungeon
  2819 | D:5      | Reached skill level 6 in Axes
  3074 | D:5      | Reached skill level 5 in Fighting
  3173 | D:5      | Noticed an ogre
  3180 | D:5      | Killed an ogre
  3181 | D:5      | Reached skill level 1 in Armour
  3181 | D:5      | Reached XP level 6. HP: 56/56 MP: 5/5
  3238 | D:5      | Found a staircase to the Ecumenical Temple.
  3245 | Temple   | Entered the Ecumenical Temple
  3772 | D:6      | Upgraded the game from 0.31-a0-1163-gcee99d1eea to
                  | 0.31-a0-1165-g196b491b36
  3788 | D:6      | Reached skill level 2 in Armour
  3796 | D:6      | Reached skill level 7 in Axes
  3803 | D:6      | Reached XP level 7. HP: 58/62 MP: 6/6
  3806 | D:6      | Reached skill level 3 in Armour
  3808 | D:6      | Reached skill level 6 in Fighting
  3865 | D:6      | Reached skill level 8 in Axes
  4106 | D:6      | Reached skill level 4 in Armour
  4293 | D:6      | Reached ****** piety under Jiyva
  4338 | D:6      | Lost mutation: You are completely covered in iridescent
                  | scales. (AC +6) [Jiyva's grace]
  4338 | D:6      | Lost mutation: You are covered in slimy tendrils that may
                  | disarm your opponents. [Jiyva's grace]
  4338 | D:6      | Gained mutation: You are agile. (Dex +4, Str/Int -1)
                  | [Jiyva's grace]
  4338 | D:6      | Gained mutation: You are very agile. (Dex +8, Str/Int -2)
                  | [Jiyva's grace]
  4338 | D:6      | Gained mutation: You have a small jelly attached to you
                  | that senses nearby items. [Jiyva's grace]
  4338 | D:6      | Gained mutation: Your natural rate of healing is unusually
                  | fast. [Jiyva's grace]
  4388 | D:6      | Reached XP level 8. HP: 71/71 MP: 7/7
  4751 | D:7      | Found a blossoming altar of Fedhas.
  4872 | D:7      | Noticed Pikel
  4880 | D:7      | Killed Pikel
  4881 | D:7      | Reached skill level 7 in Fighting
  4881 | D:7      | Reached skill level 9 in Axes
  4881 | D:7      | Reached skill level 5 in Armour
  4908 | D:7      | Found a stormy altar of Qazlal.
  4966 | D:7      | Noticed a hornet
  4970 | D:7      | Killed a hornet
  4971 | D:7      | Reached skill level 10 in Axes
  5107 | D:7      | Reached skill level 6 in Armour
  5107 | D:7      | Reached XP level 9. HP: 75/81 MP: 8/8
  5115 | D:7      | Reached skill level 8 in Fighting
  5207 | D:7      | Reached skill level 11 in Axes
  5312 | D:7      | Noticed Joseph
  5326 | D:7      | Killed Joseph
  5527 | D:8      | Noticed Prince Ribbit
  5531 | D:8      | Reached skill level 7 in Armour
  5533 | D:8      | Killed Prince Ribbit
  5535 | D:8      | Reached skill level 12 in Axes
  5540 | D:8      | Reached skill level 9 in Fighting
  5653 | D:8      | Noticed a two-headed ogre
  5675 | D:8      | Killed a two-headed ogre
  5676 | D:8      | Reached skill level 8 in Armour
  5676 | D:8      | Reached XP level 10. HP: 68/91 MP: 9/9
  5712 | D:8      | Reached skill level 13 in Axes
  5874 | D:8      | Found a white marble altar of Elyvilon.
  6019 | D:9      | Lost mutation: You are very agile. (Dex +8, Str/Int -2)
                  | [Jiyva's grace]
  6019 | D:9      | Lost mutation: Your melee attacks may engulf your foes in
                  | ooze. [Jiyva's grace]
  6019 | D:9      | Gained mutation: Armour fits poorly on your pseudopods.
                  | [Jiyva's grace]
  6019 | D:9      | Gained mutation: Armour fits poorly on your large
                  | pseudopods. [Jiyva's grace]
  6019 | D:9      | Gained mutation: Armour fits poorly on your massive
                  | pseudopods. [Jiyva's grace]
  6019 | D:9      | Gained mutation: Your melee attacks may engulf your foes in
                  | ooze. [Jiyva's grace]
  6124 | D:9      | Reached skill level 10 in Fighting
  6194 | D:9      | Found Roidwae Etre's Distillery.
  6213 | D:9      | Found an iron altar of Okawaru.
  6288 | D:9      | Reached skill level 14 in Axes
  6288 | D:9      | Reached skill level 9 in Armour
  6390 | D:9      | Reached skill level 1 in Throwing
  6390 | D:9      | Reached skill level 1 in Evocations
  6395 | D:9      | Reached skill level 2 in Throwing
  6400 | D:9      | Reached skill level 2 in Evocations
  6475 | D:9      | Noticed a two-headed ogre
  6476 | D:9      | Noticed a centaur warrior
  6483 | D:9      | HP: 23/94 [centaur warrior (8)]
  6484 | D:9      | Killed a two-headed ogre
  6485 | D:9      | Reached skill level 3 in Throwing
  6485 | D:9      | Reached skill level 3 in Evocations
  6485 | D:9      | Killed a centaur warrior
  6486 | D:9      | Reached XP level 11. HP: 20/101 MP: 10/10
  6750 | D:9      | Noticed a two-headed ogre
  6761 | D:9      | Killed a two-headed ogre
  6762 | D:9      | Reached skill level 4 in Throwing
  6855 | D:10     | Entered Level 10 of the Dungeon
  6859 | D:10     | Reached skill level 4 in Evocations
  6971 | D:10     | Reached skill level 5 in Throwing
  7000 | D:10     | Found a flagged portal.
  7122 | D:10     | Found a staircase to the Lair.
  7189 | Bailey   | Entered a bailey
  7189 | Bailey   | Lost mutation: You are mostly covered in iridescent scales.
                  | (AC +4) [Jiyva's grace]
  7189 | Bailey   | Lost mutation: You are partially covered in iridescent
                  | scales. (AC +2) [Jiyva's grace]
  7189 | Bailey   | Lost mutation: Your natural rate of healing is unusually
                  | fast. [Jiyva's grace]
  7189 | Bailey   | Lost mutation: You have a small jelly attached to you that
                  | senses nearby items. [Jiyva's grace]
  7189 | Bailey   | Lost mutation: Your melee attacks may engulf your foes in
                  | ooze. [Jiyva's grace]
  7189 | Bailey   | Gained mutation: You have a small jelly attached to you
                  | that senses nearby items. [Jiyva's grace]
  7189 | Bailey   | Gained mutation: You have a small jelly attached to you
                  | that may absorb projectiles. [Jiyva's grace]
  7189 | Bailey   | Gained mutation: You are strong-willed. (Will+) [Jiyva's
                  | grace]
  7189 | Bailey   | Gained mutation: You are highly strong-willed. (Will++)
                  | [Jiyva's grace]
  7216 | Bailey   | Reached skill level 5 in Evocations
  7267 | Bailey   | Reached skill level 6 in Throwing
  7313 | Bailey   | Noticed a vault guard
  7323 | Bailey   | Killed a vault guard
  7324 | Bailey   | Reached skill level 6 in Evocations
  7355 | Bailey   | Noticed a vault guard
  7368 | Bailey   | Killed a vault guard
  7369 | Bailey   | Reached skill level 7 in Throwing
  7426 | Bailey   | Identified a scroll of acquirement
  7426 | Bailey   | Acquired a +0 pair of boots of flying
  7527 | D:10     | Noticed a centaur warrior
  7534 | D:10     | Killed a centaur warrior
  7564 | D:10     | Noticed an orc knight
  7571 | D:10     | Killed an orc knight
  7701 | D:10     | Reached skill level 7 in Evocations
  7701 | D:10     | Reached XP level 12. HP: 103/107 MP: 11/11
  7746 | D:10     | Identified the +5 long sword of Lemeagg {heavy, Int+2}
  7746 | D:10     | Noticed Maggie
  7747 | D:10     | Noticed Snorg
  7753 | D:10     | Killed Maggie
  7755 | D:10     | HP: 21/107 [Snorg (9)]
  7758 | D:10     | HP: 8/160 [Snorg (3)]
  7760 | D:10     | Killed Snorg
  7761 | D:10     | Reached skill level 8 in Throwing
  7946 | D:10     | Noticed a two-headed ogre
  7953 | D:10     | Killed a two-headed ogre
  8113 | Lair:1   | Entered Level 1 of the Lair of Beasts
  8147 | Lair:1   | Reached skill level 15 in Axes
  8148 | Lair:1   | HP: 23/107 [wolf (5)]
  8347 | Lair:1   | Noticed a boulder beetle
  8360 | Lair:1   | Killed a boulder beetle
  8361 | Lair:1   | Reached skill level 8 in Evocations
  8395 | Lair:1   | Reached skill level 9 in Throwing
  9030 | Lair:2   | Lost mutation: You are highly strong-willed. (Will++)
                  | [Jiyva's grace]
  9030 | Lair:2   | Lost mutation: Armour fits poorly on your massive
                  | pseudopods. [Jiyva's grace]
  9030 | Lair:2   | Lost mutation: You have a small jelly attached to you that
                  | senses nearby items. [Jiyva's grace]
  9030 | Lair:2   | Gained mutation: Your translucent skin slightly reduces
                  | your foes' accuracy. (Stealth+) [Jiyva's grace]
  9030 | Lair:2   | Gained mutation: Your translucent skin reduces your foes'
                  | accuracy. (Stealth+) [Jiyva's grace]
  9030 | Lair:2   | Gained mutation: Your transparent skin significantly
                  | reduces your foes' accuracy. (Stealth+) [Jiyva's grace]
  9030 | Lair:2   | Gained mutation: You have sharp toenails. [Jiyva's grace]
  9313 | Lair:2   | Reached skill level 11 in Fighting
  9378 | Lair:2   | Got the Elucidation of the Tincture and Fascination
  9461 | Lair:3   | Reached skill level 16 in Axes
  9475 | Lair:3   | Reached skill level 10 in Armour
  9475 | Lair:3   | Reached XP level 13. HP: 84/116 MP: 12/12
  9614 | Lair:3   | Found a staircase to the Swamp.
  9929 | Lair:3   | Found a staircase to the Snake Pit.
 10095 | Lair:3   | Reached skill level 10 in Throwing
 10329 | Lair:4   | an eight-headed hydra changed into an azure jelly
 10329 | Lair:4   | Noticed an azure jelly
 10477 | Lair:4   | Reached skill level 17 in Axes
 10559 | Lair:4   | Reached skill level 12 in Fighting
 10561 | Lair:4   | a death yak changed into an acid blob
 10561 | Lair:4   | Noticed an acid blob
 10565 | Lair:4   | Reached skill level 11 in Armour
 10569 | Lair:4   | Killed an acid blob
 10680 | Lair:4   | Lost mutation: You have sharp toenails. [Jiyva's grace]
 10680 | Lair:4   | Lost mutation: Armour fits poorly on your large pseudopods.
                  | [Jiyva's grace]
 10680 | Lair:4   | Gained mutation: You passively map a small area around you.
                  | [Jiyva's grace]
 10680 | Lair:4   | Gained mutation: You passively map the area around you.
                  | [Jiyva's grace]
 10680 | Lair:4   | Gained mutation: You passively map a large area around you.
                  | [Jiyva's grace]
 10680 | Lair:4   | Gained mutation: You have a small jelly attached to you
                  | that senses nearby items. [Jiyva's grace]
 10806 | Lair:4   | Found a viscous altar of Jiyva.
 10806 | Lair:4   | Found a staircase to the Slime Pits.
 10909 | Slime:1  | Entered Level 1 of the Pits of Slime
 10913 | Slime:1  | Noticed an acid blob
 10914 | Slime:2  | Noticed a rockslime
 10915 | Slime:2  | Noticed a rockslime
 10919 | Slime:2  | Noticed a quicksilver ooze
 10921 | Slime:2  | Noticed a quicksilver ooze
 10938 | Slime:3  | Noticed a formless jellyfish
 10938 | Slime:3  | Noticed a formless jellyfish
 10948 | Slime:4  | Noticed an acid blob
 10956 | Slime:5  | Entered Level 5 of the Pits of Slime
 10958 | Slime:5  | Found a viscous altar of Jiyva.
 10976 | Slime:5  | Noticed a formless jellyfish
 10988 | Slime:5  | Identified the ring "Bivvufui" {Drain rF+ rC++ rN+}
 10988 | Slime:5  | Noticed a quicksilver ooze
 10994 | Slime:5  | Noticed a formless jellyfish
 11002 | Slime:5  | Identified the ring of Moodiness {rPois MP+9}
 11004 | Slime:5  | Identified the amulet of Jykliekh {RegenMP rF+ Stlth+}
 11008 | Slime:5  | Got a slimy rune of Zot
 11019 | Slime:5  | Identified the +0 war axe "Poridiot" {speed, Drain rElec
                  | rN+}
 11022 | Slime:5  | Identified the +7 chain mail of Cocytus {Dex+2}
 11024 | Slime:5  | Noticed an azure jelly
 11033 | Slime:5  | Noticed an azure jelly
 11037 | Slime:5  | Noticed the Royal Jelly
 11066 | Slime:5  | Identified the +4 shortbow "Xocih" {heavy, rN+ Int+2}
 11084 | Slime:4  | Noticed a quicksilver ooze
 11085 | Slime:4  | Noticed a quicksilver ooze
 11089 | Slime:3  | Noticed an azure jelly
 11092 | Slime:3  | Noticed an azure jelly
 11097 | Slime:3  | Noticed an acid blob
 11145 | Lair:5   | Entered Level 5 of the Lair of Beasts
 11375 | Lair:5   | Reached skill level 1 in Shields
 11375 | Lair:5   | Reached XP level 14. HP: 106/127 MP: 13/13
 11437 | Lair:5   | Found a dark tunnel.
 11444 | Volcano  | Entered a volcano
 11485 | Volcano  | Reached skill level 2 in Shields
 11500 | Volcano  | Reached skill level 18 in Axes
 11533 | Volcano  | Reached skill level 3 in Shields
 11548 | Volcano  | Reached skill level 4 in Shields
 11566 | Volcano  | Noticed an orb of fire
 11566 | Volcano  | Noticed an orb of fire
 11621 | Volcano  | Reached skill level 5 in Shields
 11951 | Lair:5   | Noticed Urug
 11959 | Lair:5   | Killed Urug
 12045 | Lair:5   | Reached skill level 5 in Dodging
 12201 | Lair:5   | Reached skill level 12 in Armour
 12206 | Lair:5   | Reached skill level 13 in Fighting
 12227 | Lair:5   | Gained mutation: Your system is resistant to poisons.
                  | (rPois) [Jiyva's grace]
 12227 | Lair:5   | Gained mutation: You have hidden genetic potential.
                  | [Jiyva's grace]
 12227 | Lair:5   | Gained mutation: You have great hidden genetic potential.
                  | [Jiyva's grace]
 12227 | Lair:5   | Gained mutation: You have sharp toenails. [Jiyva's grace]
 12259 | Lair:5   | Reached skill level 6 in Dodging
 12437 | Lair:5   | Reached skill level 7 in Dodging
 12458 | Lair:5   | Found a corrupted altar of Lugonu.
 12458 | Lair:5   | Found a one-way gate to the infinite horrors of the Abyss.
 12666 | Lair:5   | Reached skill level 13 in Armour
 12997 | D:11     | Found an iron altar of Okawaru.
 13045 | D:11     | Reached skill level 14 in Fighting
 13084 | D:11     | Found Guetruep's Antique Armour Emporium.
 13180 | D:11     | Found a runed translucent gate.
 13180 | D:11     | Found a runed translucent gate.
 13180 | D:11     | Found a runed translucent gate.
 13203 | D:11     | Noticed Stellion's ghost (journeyman DjCj)
 13382 | D:11     | Found Oxko's Assorted Antiques.
 13390 | D:11     | Bought a scroll of identify for 48 gold pieces
 13390 | D:11     | Bought a scroll labelled VOSTRIT OTZU for 24 gold pieces
 13497 | D:11     | Found Dawnaa's Assorted Antiques.
 13505 | D:11     | Bought a scroll of identify for 52 gold pieces
 13515 | D:11     | Found Quduh's Weapon Boutique.
 14299 | D:12     | Found a bloodstained altar of Trog.
 14315 | D:12     | Noticed Sonja
 14323 | D:12     | Reached skill level 8 in Dodging
 14329 | D:12     | Killed Sonja
 14330 | D:12     | Reached XP level 15. HP: 134/139 MP: 14/14
 14368 | D:12     | Lost mutation: You have a pair of large horns on your head.
                  | [Jiyva's grace]
 14368 | D:12     | Lost mutation: You are strong-willed. (Will+) [Jiyva's
                  | grace]
 14368 | D:12     | Lost mutation: You passively map a large area around you.
                  | [Jiyva's grace]
 14368 | D:12     | Lost mutation: You passively map the area around you.
                  | [Jiyva's grace]
 14368 | D:12     | Gained mutation: You are covered in slimy tendrils that may
                  | disarm your opponents. [Jiyva's grace]
 14368 | D:12     | Lost mutation: You have sharp toenails. [Jiyva's grace]
 14368 | D:12     | Gained mutation: You have large cloven feet. [Jiyva's
                  | grace]
 14368 | D:12     | Gained mutation: You have hoof-like feet. [Jiyva's grace]
 14368 | D:12     | Gained mutation: You have hooves in place of feet. [Jiyva's
                  | grace]
 14479 | D:12     | Found a staircase to the Orcish Mines.
 14627 | Orc:1    | Entered Level 1 of the Orcish Mines
 14852 | Orc:2    | Entered Level 2 of the Orcish Mines
 14856 | Orc:2    | Noticed Jorgrun
 14876 | Orc:1    | Killed Jorgrun
 14911 | Orc:2    | Reached skill level 14 in Armour
 14921 | Orc:2    | Noticed Saint Roka
 14969 | Orc:2    | Found Nolulif's Antique Weapon Emporium.
 14989 | Orc:1    | Reached skill level 15 in Fighting
 15003 | Orc:2    | Noticed Maurice
 15044 | Orc:2    | Killed Maurice
 15106 | Orc:2    | Killed Saint Roka
 15131 | Orc:2    | Gained mutation: Your muscles are strong. (Str +4, Int/Dex
                  | -1) [hidden potential]
 15253 | Orc:1    | Found Zosk's Assorted Antiques.
 15508 | Orc:2    | Found Ykluum's Antique Armour Boutique.
 15605 | Orc:2    | Paralysed by an orc sorcerer for 3 turns
 15609 | Orc:2    | Found a staircase to the Elven Halls.
 15621 | Orc:2    | Reached skill level 15 in Armour
 15721 | Orc:2    | Found Qulysh's Jewellery Emporium.
 15745 | Orc:2    | Found Ivacvyz's General Store.
 16018 | Orc:1    | Bought a scratched garnet ring for 110 gold pieces
 16129 | D:11     | Bought a twisted chain mail for 237 gold pieces
 16129 | D:11     | Identified the +8 chain mail of Fedhas's Displeasure {rN+}
                  | (You bought it in a shop on level 11 of the Dungeon)
 16254 | D:13     | Lost mutation: You have hooves in place of feet. [Jiyva's
                  | grace]
 16254 | D:13     | Lost mutation: You have hoof-like feet. [Jiyva's grace]
 16254 | D:13     | Lost mutation: Your transparent skin significantly reduces
                  | your foes' accuracy. (Stealth+) [Jiyva's grace]
 16254 | D:13     | Lost mutation: You have great hidden genetic potential.
                  | [Jiyva's grace]
 16254 | D:13     | Gained mutation: You are strong-willed. (Will+) [Jiyva's
                  | grace]
 16254 | D:13     | Gained mutation: You are highly strong-willed. (Will++)
                  | [Jiyva's grace]
 16254 | D:13     | Gained mutation: You are extremely strong-willed. (Will+++)
                  | [Jiyva's grace]
 16254 | D:13     | Gained mutation: You are partially covered in iridescent
                  | scales. (AC +2) [Jiyva's grace]
 16326 | D:13     | Reached skill level 16 in Fighting
 17170 | D:14     | Found a hazy altar of Hepliaklqana.
 17526 | D:14     | Found a gate to the Vaults.
 17691 | D:15     | Entered Level 15 of the Dungeon
 17701 | D:15     | Reached skill level 16 in Armour
 17781 | D:15     | Identified the ring "Anaerph" {rC+++ rN+ Will+ Str-2 Dex+6}
 17798 | D:15     | Found a shimmering altar of Xom.
 17825 | D:15     | Reached skill level 17 in Fighting
 17839 | D:15     | Reached XP level 16. HP: 58/155 MP: 15/15
 17933 | D:15     | Got Plog's Grimoire of Conflict and the Excursion
 17994 | D:15     | Identified the ring "Botop" {rC+ Dex-2 Slay+4 SInv}
 18030 | D:15     | Found a shimmering blue altar of Sif Muna.
 18034 | D:15     | Reached skill level 17 in Armour
 18144 | D:15     | Gained mutation: Your flesh is cold resistant. (rC+)
                  | [hidden potential]
 18144 | D:15     | Lost mutation: You have hidden genetic potential. [hidden
                  | potential expressed]
 18155 | D:15     | Identified the ring "Efarasif" {rPois rC+ Str+6 SInv}
 18194 | D:15     | Found a glowing silver altar of Zin.
 18238 | D:15     | Reached skill level 18 in Fighting
 18246 | D:15     | Noticed Kirke
 18254 | D:15     | Identified the +11 morningstar of Giufrout {freeze, rPois
                  | rF+ rN+}
 18257 | D:15     | Killed Kirke
 18286 | D:15     | Found a transporter.
 18308 | D:15     | HP: 37/158 [salamander/+1 spear (9)]
 18502 | D:15     | Lost mutation: Your flesh is cold resistant. (rC+) [Jiyva's
                  | grace]
 18502 | D:15     | Lost mutation: Your translucent skin reduces your foes'
                  | accuracy. (Stealth+) [Jiyva's grace]
 18502 | D:15     | Lost mutation: Your translucent skin slightly reduces your
                  | foes' accuracy. (Stealth+) [Jiyva's grace]
 18502 | D:15     | Lost mutation: You have a small jelly attached to you that
                  | senses nearby items. [Jiyva's grace]
 18502 | D:15     | Gained mutation: You have hoof-like feet. [Jiyva's grace]
 18502 | D:15     | Gained mutation: You have hooves in place of feet. [Jiyva's
                  | grace]
 18502 | D:15     | Gained mutation: You are mostly covered in iridescent
                  | scales. (AC +4) [Jiyva's grace]
 18502 | D:15     | Gained mutation: You are completely covered in iridescent
                  | scales. (AC +6) [Jiyva's grace]
 18508 | D:15     | Reached skill level 18 in Armour
 18508 | D:15     | Found a staircase to the Depths.
 18620 | D:15     | Found a transporter.
 18880 | Snake:1  | Entered Level 1 of the Snake Pit
 18886 | Snake:1  | HP: 18/159 [naga warrior (22)]
 18889 | Snake:1  | HP: 4/159 [anaconda (5)]
 18889 | Snake:1  | Mangled by a mana viper

Illustrated notes

Levels and vault maps discovered:
D:1:      amcnicky_arrival_wind_blow, layout_loops_ring,
          ebering_ecumenical_altar_webs
D:2:      layout_loops_ring, basic_altar, uniq_terence
D:3:      layout_basic, lemuel_tele_altar, uniq_robin
D:4:      gammafunk_steamed_eel, layout_basic,
          chequers_temple_overflow_statue_of_worship, serial_rivers,
          chequers_serial_rivers_micro_b, chequers_serial_rivers_micro_c,
          chequers_serial_rivers_small_a, chequers_serial_rivers_micro_e,
          chequers_serial_rivers_room_a, chequers_serial_rivers_marsh
D:5:      corexii_shack_village, layout_basic, minmay_temple_entry_butterflies,
          hex_tiny, minivault_24
D:6:      layout_basic
D:7:      layout_loops_ring, fedhas_altar_3, old_standard_altar,
          serial_park_tiny_1, minmay_fractal_squares_diagonal_5, uniq_pikel,
          uniq_joseph
D:8:      layout_cave_pools, nicolae_elyvilon_peaceful_grove,
          uniq_prince_ribbit1
D:9:      layout_irregular_city, lemuel_round_altar, serial_shops, shop,
          roderic_lattice_a
D:10:     layout_basic, lair_entry_dummy, enter_bailey_8, kb_rosetta,
          uniq_snorg, uniq_maggie
D:11:     layout_stronghold, gammafunk_ghost_split, serial_shops, shop, shop,
          nicolae_square_shop, nicolae_shop_waterfront, okawaru_trees_1
D:12:     layout_loops_cross, orc_0_dummy, trog_ov_bears_minmay, uniq_sonja
D:13:     layout_basic
D:14:     layout_basic, david_vaults_4, nzn_hepliaklqana_mist_gate
D:15:     hangedman_spin_cycle
Temple:   nicolae_temple_superstar
Lair:1:   layout_hall_layers, serial_rivers, chequers_serial_rivers_large_b,
          chequers_serial_rivers_micro_d, chequers_serial_rivers_micro_b,
          chequers_serial_rivers_marsh, chequers_serial_rivers_room_b,
          chequers_serial_rivers_room_b
Lair:2:   layout_long_grid
Lair:3:   nzn_winding_woodlands_small [nzn_winding_woodlands_5x15_garden,
          nzn_winding_woodlands_center_lodge, nzn_winding_woodlands_5x15_eye],
          layout_loops_ring, skrybe_swamp_entry_bodies,
          minmay_snake_entry_guardpost_medium, nicolae_lair_liquid_snakes,
          serial_bayou_shore_b, uniq_kirke
Lair:4:   layout_hall_layers, minmay_slime_entry_pillars, lemuel_fruit_fields
Lair:5:   hellmonk_lair_end_abyssal_woods, layout_regular_city, enter_volcano_4,
          lemuel_old_faithful, uniq_urug
Snake:1:  layout_cave_pods, evilmike_ambush [evilmike_ambush_outer_basic,
          evilmike_ambush_inner_basic], nicolae_integral_box
Slime:1:  nicolae_slime_jelly_donut, layout_caves, basic_altar
Slime:2:  layout_caves
Slime:3:  layout_caves
Slime:4:  layout_caves
Slime:5:  slime_pit_nicolae_jellycorners
Orc:1:    layout_caves, serial_shops, shop
Orc:2:    grunt_orc_gardens, layout_caves, grunt_orc_garden, grunt_orc_garden,
          grunt_orc_garden, grunt_orc_garden, uniq_maurice, uniq_jorgrun,
          uniq_saint_roka

Skill      XL: |  1  2  3  4  5  6  7  8  9 10 11 12 13 14 15 16 |
---------------+-------------------------------------------------+-----
Axes           | 4 5 6 7 8 10 12 14 16 17 18 | 18.0
Fighting       | 4 5 6 7 9 10 11 12 14 17 18 | 18.6
Dodging        | 4 8 |  8.0
Armour         | 1 2 4 6 8 9 10 11 13 16 18 | 18.0
Throwing       | 3 7 9 10 | 10.7
Evocations     | 3 7 8 |  8.0
Shields        | 1 5 |  5.2

Action                     |  1- 3 |  4- 6 |  7- 9 | 10-12 | 13-15 | 16-18 || total
---------------------------+-------+-------+-------+-------+-------+-------++-------
  Melee: Hand axe          |    62 |    82 |   150 |   202 |       |       ||   496
         Headbutt          |    14 |    21 |    38 |   101 |   235 |    67 ||   476
         Bite              |       |     6 |    24 |    63 |   127 |    29 ||   249
         Pseudopods        |       |       |       |    89 |   206 |    55 ||   350
         Broad axe         |       |       |       |   168 |   809 |   174 ||  1151
         War axe           |       |       |       |       |    26 |     6 ||    32
         Trident           |       |       |       |       |     1 |       ||     1
         Kick              |       |       |       |       |   133 |     3 ||   136
  Throw: Dart              |       |       |       |     9 |       |       ||     9
         Stone             |       |       |       |    32 |    33 |       ||    65
 Invoke: Slimify           |       |       |       |       |     3 |       ||     3
  Evoke: Wand              |       |       |       |     7 |     6 |       ||    13
    Use: Scroll            |       |    10 |     2 |     6 |    11 |     8 ||    37
         Potion            |       |       |       |     2 |     3 |     1 ||     6
   Stab: Paralysed         |       |       |       |     4 |     3 |       ||     7
         Distracted        |       |       |       |       |    18 |     3 ||    21
 Armour: Robe              |    37 |    16 |       |       |       |       ||    53
         Scale mail        |       |    13 |    89 |   224 |    98 |       ||   424
         Chain mail        |       |       |       |       |   341 |   149 ||   490
  Dodge: Dodged            |    45 |    39 |    91 |   185 |   403 |    78 ||   841
         Repelled          |       |       |     1 |       |    12 |       ||    13
  Block: Buckler           |       |       |       |       |   171 |    67 ||   238

Table legend: (Time is in decaauts)
 A = Elapsed time spent in this place.
 B = Non-inter-level travel time spent in this place.
 C = Inter-level travel time spent in this place.
 D = Time resting spent in this place.
 E = Time spent auto-exploring this place.
 F = Levels seen in this place.
 G = Mean time per level.
                   A        B        C        D        E       F      G
               +--------+--------+--------+--------+--------+-----+--------+
         Total |  18490 |  12865 |   5625 |    413 |   8537 |  31 |  596.5 |
       Dungeon |  12143 |   9814 |   2329 |    173 |   7641 |  15 |  809.5 |
        Temple |      1 |      1 |      0 |      0 |      0 |   1 |    1.0 |
          Lair |   4073 |   1433 |   2640 |     68 |    349 |   5 |  814.6 |
     Snake Pit |      7 |      7 |      0 |      0 |      0 |   1 |    7.0 |
    Slime Pits |    214 |     34 |    180 |      0 |      0 |   5 |   42.8 |
  Orcish Mines |   1396 |    921 |    475 |     61 |    547 |   2 |  698.0 |
        Bailey |    218 |    218 |      0 |      0 |      0 |   1 |  218.0 |
       Volcano |    436 |    436 |      0 |    111 |      0 |   1 |  436.0 |
               +--------+--------+--------+--------+--------+-----+--------+

Top non-repeatable levels by time:
  Lair:5: 1256 daAuts
     D:5: 1071 daAuts
    D:11: 1065 daAuts
    D:10: 1057 daAuts
     D:6: 995 daAuts
    D:15: 984 daAuts
    D:14: 948 daAuts
  Lair:3: 915 daAuts
     D:4: 813 daAuts
     D:9: 811 daAuts
   Orc:2: 793 daAuts
  Lair:1: 738 daAuts
     D:7: 732 daAuts
     D:3: 697 daAuts
    D:12: 686 daAuts

Levels and vault maps discovered:
D:1:      amcnicky_arrival_wind_blow, layout_loops_ring,
          ebering_ecumenical_altar_webs
D:2:      layout_loops_ring, basic_altar, uniq_terence
D:3:      layout_basic, lemuel_tele_altar, uniq_robin
D:4:      gammafunk_steamed_eel, layout_basic,
          chequers_temple_overflow_statue_of_worship, serial_rivers,
          chequers_serial_rivers_micro_b, chequers_serial_rivers_micro_c,
          chequers_serial_rivers_small_a, chequers_serial_rivers_micro_e,
          chequers_serial_rivers_room_a, chequers_serial_rivers_marsh
D:5:      corexii_shack_village, layout_basic, minmay_temple_entry_butterflies,
          hex_tiny, minivault_24
D:6:      layout_basic
D:7:      layout_loops_ring, fedhas_altar_3, old_standard_altar,
          serial_park_tiny_1, minmay_fractal_squares_diagonal_5, uniq_pikel,
          uniq_joseph
D:8:      layout_cave_pools, nicolae_elyvilon_peaceful_grove,
          uniq_prince_ribbit1
D:9:      layout_irregular_city, lemuel_round_altar, serial_shops, shop,
          roderic_lattice_a
D:10:     layout_basic, lair_entry_dummy, enter_bailey_8, kb_rosetta,
          uniq_snorg, uniq_maggie
D:11:     layout_stronghold, gammafunk_ghost_split, serial_shops, shop, shop,
          nicolae_square_shop, nicolae_shop_waterfront, okawaru_trees_1
D:12:     layout_loops_cross, orc_0_dummy, trog_ov_bears_minmay, uniq_sonja
D:13:     layout_basic
D:14:     layout_basic, david_vaults_4, nzn_hepliaklqana_mist_gate
D:15:     hangedman_spin_cycle
Temple:   nicolae_temple_superstar
Lair:1:   layout_hall_layers, serial_rivers, chequers_serial_rivers_large_b,
          chequers_serial_rivers_micro_d, chequers_serial_rivers_micro_b,
          chequers_serial_rivers_marsh, chequers_serial_rivers_room_b,
          chequers_serial_rivers_room_b
Lair:2:   layout_long_grid
Lair:3:   nzn_winding_woodlands_small [nzn_winding_woodlands_5x15_garden,
          nzn_winding_woodlands_center_lodge, nzn_winding_woodlands_5x15_eye],
          layout_loops_ring, skrybe_swamp_entry_bodies,
          minmay_snake_entry_guardpost_medium, nicolae_lair_liquid_snakes,
          serial_bayou_shore_b, uniq_kirke
Lair:4:   layout_hall_layers, minmay_slime_entry_pillars, lemuel_fruit_fields
Lair:5:   hellmonk_lair_end_abyssal_woods, layout_regular_city, enter_volcano_4,
          lemuel_old_faithful, uniq_urug
Snake:1:  layout_cave_pods, evilmike_ambush [evilmike_ambush_outer_basic,
          evilmike_ambush_inner_basic], nicolae_integral_box
Slime:1:  nicolae_slime_jelly_donut, layout_caves, basic_altar
Slime:2:  layout_caves
Slime:3:  layout_caves
Slime:4:  layout_caves
Slime:5:  slime_pit_nicolae_jellycorners
Orc:1:    layout_caves, serial_shops, shop
Orc:2:    grunt_orc_gardens, layout_caves, grunt_orc_garden, grunt_orc_garden,
          grunt_orc_garden, grunt_orc_garden, uniq_maurice, uniq_jorgrun,
          uniq_saint_roka

Table legend: (Time is in decaauts)
 A = Elapsed time spent in this place.
 B = Non-inter-level travel time spent in this place.
 C = Inter-level travel time spent in this place.
 D = Time resting spent in this place.
 E = Time spent auto-exploring this place.
 F = Levels seen in this place.
 G = Mean time per level.
                   A        B        C        D        E       F      G
               +--------+--------+--------+--------+--------+-----+--------+
         Total |  18490 |  12865 |   5625 |    413 |   8537 |  31 |  596.5 |
       Dungeon |  12143 |   9814 |   2329 |    173 |   7641 |  15 |  809.5 |
        Temple |      1 |      1 |      0 |      0 |      0 |   1 |    1.0 |
          Lair |   4073 |   1433 |   2640 |     68 |    349 |   5 |  814.6 |
     Snake Pit |      7 |      7 |      0 |      0 |      0 |   1 |    7.0 |
    Slime Pits |    214 |     34 |    180 |      0 |      0 |   5 |   42.8 |
  Orcish Mines |   1396 |    921 |    475 |     61 |    547 |   2 |  698.0 |
        Bailey |    218 |    218 |      0 |      0 |      0 |   1 |  218.0 |
       Volcano |    436 |    436 |      0 |    111 |      0 |   1 |  436.0 |
               +--------+--------+--------+--------+--------+-----+--------+

Top non-repeatable levels by time:
  Lair:5: 1256 daAuts
     D:5: 1071 daAuts
    D:11: 1065 daAuts
    D:10: 1057 daAuts
     D:6: 995 daAuts
    D:15: 984 daAuts
    D:14: 948 daAuts
  Lair:3: 915 daAuts
     D:4: 813 daAuts
     D:9: 811 daAuts
   Orc:2: 793 daAuts
  Lair:1: 738 daAuts
     D:7: 732 daAuts
     D:3: 697 daAuts
    D:12: 686 daAuts

Table legend:
 A = Kills in this place as a percentage of kills in the entire game.
 B = Kills by you in this place as a percentage of kills by you in the entire game.
 C = Kills by friends in this place as a percentage of kills by friends in the entire game.
 D = Other kills in this place as a percentage of other kills in the entire game.
 E = Experience gained in this place as a percentage of experience gained in the entire game.
 F = Experience gained in this place divided by the number of levels of this place that you have seen.
                   A       B       C       D       E      F
               +-------+-------+-------+-------+-------+----------------------
         Total | 100.0 | 100.0 | 100.0 |   N/A | 100.0 | 6163.5
       Dungeon |  53.9 |  53.9 |  50.0 |   N/A |  49.6 | 6315.4
          Lair |  27.8 |  27.8 |   0.0 |   N/A |  32.4 | 12390.4
     Snake Pit |   0.4 |   0.3 |  50.0 |   N/A |   0.8 | 1462.0
  Orcish Mines |  12.4 |  12.4 |   0.0 |   N/A |  11.4 | 10904.0
        Bailey |   4.0 |   4.0 |   0.0 |   N/A |   2.5 | 4857.0
       Volcano |   1.6 |   1.6 |   0.0 |   N/A |   3.3 | 6257.0
               +-------+-------+-------+-------+-------+----------------------
